 Dungeon Sprint DCSS version 0.20.1-1-g8b1a95d (webtiles) character file.

1346 potatolord6000 the Fighter (level 8, -9/57 HPs)
             Began as a Gargoyle Fighter on Aug 28, 2017.
             Engulfed by an ice statue's freezing vapour (12 damage)
             ... in the Dungeon (Sprint II: "The Violet Keep of Menkaure").
             The game lasted 00:02:44 (295 turns).

potatolord6000 the Fighter (Gargoyle Fighter)        Turns: 295, Time: 00:02:44

Health: -9/57      AC: 15    Str: 21    XL:     8   Next: 62%
Magic:  19/19      EV:  8    Int: 10    God:
Gold:   505        SH: 12    Dex: 12    Spells: 22/22 levels left

rFire    . . .     SeeInvis .   a - +0 flail
rCold    . . .     Gourm    .   c - +0 shield
rNeg     + . .     Faith    .   b - +0 scale mail
rPois    ∞         Spirit   .   (no helmet)
rElec    +         Reflect  .   (no cloak)
rCorr    .         Harm     .   d - +0 pair of fencer's gloves {+Riposte Dex+3}
MR       .....     NoTele   +   (no boots)
Stlth    ..........             (no amulet)
Regen    0.2/turn               (no ring)
MPRegen  0.2/turn               (no ring)

@: very slow
A: negative energy resistance 1, electricity resistance, unbreathing,
petrification resistance, rot immunity, AC +5
a: no special abilities


You were in the Dungeon.
You were not hungry.

You visited 1 branch You collected 985 gold pieces.
You spent 480 gold pieces at shops.

Inventory:

Hand Weapons
 a - a +0 flail (weapon)
Armour
 b - a +0 scale mail (worn)
 c - a +0 shield (worn)
 d - the +0 pair of fencer's gloves (worn) {+Riposte Dex+3}
   (You bought it in a shop in the Dungeon)

   It affects your dexterity (+3).
Scrolls
 k - a scroll of blinking
Potions
 e - a potion of curing
 i - 2 potions of magic
 j - a potion of berserk rage
Comestibles
 f - a bread ration


   Skills:
 + Level 9.7 Fighting
 + Level 8.6 Maces & Flails
 + Level 9.7 Armour
 + Level 2.1 Stealth
 + Level 9.6 Shields
 + Level 7.6 Spellcasting


You had 22 spell levels left.
You didn't know any spells.

Dungeon Overview and Level Annotations

Branches:
Dungeon (1/1)

Altars:

Shops:
D ::[[=%!?=[!*%([}

Annotations:
D exclusion: oklob plant


Innate Abilities, Weirdness & Mutations

You are resistant to torment.
Your stone body is resilient. (AC +5)
You are immune to poison.
You resist negative energy. (rN+)
You are resistant to electric shocks. (rElec)
You can survive without breathing.
You are immune to petrification.
You are immune to rotting.


Message History

You sock the vampire mosquito!
You destroy the vampire mosquito!
Your Stealth skill increases to level 2!
There is an open door here.
You see here a vampire mosquito corpse.
You now have 505 gold pieces (gained 13).
There is an open door here.
You see here a vampire mosquito corpse.
You enter the shallow water.
Moving in this stuff is going to be slow.
Really walk into a travel-excluded area?
An ice statue comes into view.
The ice statue gestures.
The ice statue gestures.
The ice statue gestures at you.
You are engulfed in freezing vapours.
* * * LOW HITPOINT WARNING * * *
The ice statue gestures at you. The bolt of cold misses you.
You are engulfed in freezing vapours.
You die...

##...∩.∩..#≈≈####.).####
##....∩.⌠.#≈##.###+###.##
##...∩.∩..#≈#..###.##...#
##..∩.∩...†≈+##†'.<.†##.+
##.∩.∩....#≈#..###.##...#
#▓▓▓▓▓▓▓###≈##.# #†###.##
##)ss######§§####.#.####


#?YY#aa ##§§§#.###.# #∩PY+a.# #†#@## ## #$$.#(##§##.#§Y# #[..###§§≈####≈≈≈≈§§≈
##+###§§§§ §§§#§§' §§..§§. .§§§§§§ §§§8§§§ §§Y§§§§ ....§§§ You could see an ice
statue and 2 ice beasts.

Vanquished Creatures
  A merfolk siren (D)
  2 hippogriffs (D)
  A vampire mosquito (D)
  4 necrophages (D)
  A crocodile (D)
  4 worker ants (D)
13 creatures vanquished.

Vanquished Creatures (others)
  Menkaure (D)
  A crocodile (D)
2 creatures vanquished.

Grand Total: 15 creatures vanquished

Notes
Turn   | Place    | Note
-------+----------+-------------------------------------------
     0 | D        | potatolord6000 the Gargoyle Fighter began the quest for the Orb.
     0 | D        | Reached XP level 1. HP: 14/14 MP: 1/1
     3 | D        | Noticed a necrophage
     3 | D        | Noticed a necrophage
     3 | D        | Noticed a necrophage
     3 | D        | Noticed a necrophage
    26 | D        | Killed a necrophage
    26 | D        | Reached skill level 5 in Fighting
    26 | D        | Reached skill level 5 in Armour
    26 | D        | Reached skill level 5 in Shields
    26 | D        | Reached XP level 2. HP: 21/21 MP: 1/6
    26 | D        | Reached XP level 3. HP: 26/26 MP: 1/7
    26 | D        | Reached XP level 4. HP: 31/31 MP: 1/9
    27 | D        | Killed a crocodile
    40 | D        | Killed a necrophage
    40 | D        | Reached skill level 5 in Maces & Flails
    40 | D        | Reached XP level 5. HP: 29/36 MP: 2/11
    47 | D        | Killed a necrophage
    47 | D        | Reached XP level 6. HP: 34/42 MP: 2/13
    58 | D        | Killed a necrophage
    58 | D        | Reached skill level 5 in Spellcasting
   151 | D        | Reached XP level 7. HP: 48/48 MP: 15/15
   165 | D        | Noticed a merfolk siren
   176 | D        | Killed a merfolk siren
   184 | D        | Noticed a hippogriff
   184 | D        | Noticed a hippogriff
   194 | D        | Killed a hippogriff
   194 | D        | Reached XP level 8. HP: 46/56 MP: 18/18
   199 | D        | Killed a hippogriff
   212 | D        | Found Muiluma's Antique Weapon Shop.
   212 | D        | Found Sisub's Gadget Shop.
   212 | D        | Found Meg Ucuf's Food Boutique.
   212 | D        | Found Atiyfocy's Antique Armour Boutique.
   212 | D        | Found Qagiu's General Store.
   213 | D        | Found Cuizag's Distillery.
   213 | D        | Found Pycem's Antique Armour Boutique.
   213 | D        | Found Wighie's Jewellery Shop.
   213 | D        | Found Paolaafid's Magic Scroll Boutique.
   214 | D        | Found Nypa's Distillery.
   214 | D        | Found Ofelamit's Food Boutique.
   214 | D        | Found Juotiec's Jewellery Shop.
   214 | D        | Noticed a redback
   215 | D        | Found Erphene's Antique Armour Boutique.
   215 | D        | Found Ycrakiw's Armour Shop.
   215 | D        | Noticed Menkaure
   215 | D        | Noticed a redback
   215 | D        | Noticed an oklob plant
   216 | D        | Found Qaxadodd's Book Shoppe.
   216 | D        | Found Zaolakei's Book Boutique.
   216 | D        | Killed Menkaure
   218 | D        | Noticed a yak
   219 | D        | Noticed a yak
   219 | D        | Noticed a yak
   241 | D        | Bought the +0 pair of fencer's gloves {+Riposte Dex+3} for 480 gold pieces
   269 | D        | Reached skill level 1 in Stealth
   291 | D        | Noticed an ice statue
   295 | D        | Engulfed by an ice statue's freezing vapour

Skill      XL: |  1  2  3  4  5  6  7  8 |
---------------+-------------------------+-----
Fighting       | 5 6 7 9 |  9.7
Maces & Flails | 4 5 6 8 |  8.6
Armour         | 5 6 7 9 |  9.7
Shields        | 5 6 7 9 |  9.6
Spellcasting   | 3 4 5 7 |  7.6
Stealth        | 2 |  2.1

Action                   |  1- 3 |  4- 6 |  7- 9 || total
-------------------------+-------+-------+-------++-------
Melee: Flail             |    21 |    54 |    43 ||   118
  Use: Potion            |     2 |       |     1 ||     3
Armor: Scale mail        |     4 |    23 |    22 ||    49
Dodge: Dodged            |     4 |    10 |     6 ||    20
Block: Shield            |     6 |    17 |    26 ||    49
       Rpst.: Flail      |       |       |     1 ||     1
